 Dungeon Crawl Stone Soup version 0.31-a0-841-g038b102fc3 (webtiles) character file.

Game seed: 15680142351005321153

2 croobank the Ruffian (level 1, -1/15 HPs)
             Began as a Demigod Shapeshifter on Sept 28, 2023.
             Frozen to death by an endoplasm (3 damage)
             ... on level 1 of the Dungeon.
             The game lasted 00:00:41 (64 turns).

croobank the Ruffian (Demigod Shapeshifter)           Turns: 64, Time: 00:00:42

Health: -1/15      AC:  2    Str: 15    XL:     1   Next: 20%
Magic:  3/3        EV: 12    Int: 12    God:
Gold:   0          SH:  0    Dex: 13    Spells: 0/0 levels left

rFire   . .          .
                       - Unarmed
rCold   . . .        (no shield)
rNeg    . . .        a - +0 animal skin
rPois   .            (helmet currently unavailable)
rElec   .            (cloak currently unavailable)
rCorr   .            (gloves currently unavailable)
SInv    .            (boots currently unavailable)
Will    .....        (no amulet)
Stlth   +            (no ring)
HPRegen 0.22/turn    (no ring)
MPRegen 0.08/turn

%: no passive effects
@: beast-form
A: beast (slay +1), high MP 1, forlorn, divine attributes
a: Begin Untransformation


You were on level 1 of the Dungeon.
You were a hulking beast.
You visited 1 branch of the dungeon, and saw 1 of its levels.

Inventory:

Hand Weapons
 f - a +0 short sword
Armour
 a - a +0 animal skin (worn)
Talismans
 c - a beast talisman (active)
 d - a flux talisman
Scrolls
 e - a scroll of identify {unknown}


   Skills:
 + Level 0.9 Fighting
 + Level 1.8 Dodging
 + Level 2.7 Unarmed Combat
 + Level 2.7 Shapeshifting


You couldn't memorise any spells.
You didn't know any spells.
Your spell library was empty.

Dungeon Overview and Level Annotations

Branches:
Dungeon (1/15)


Innate Abilities, Weirdness & Mutations

You are a hulking beast.
Your limbs bulge with bestial killing power. (Slay +1)
You have an increased reservoir of magic. (+10% MP)
You shall have no god before yourself.
Your divine heritage dramatically boosts your attributes as you level up.


Message History

Your +0 animal skin melds into your body.
Your roots penetrate the ground.
The goblin hits you but does no damage.
You smack the goblin!
You kill the goblin!
You start resting.
Your transformation is almost over.
An endoplasm is nearby!
You start resting.
An endoplasm is nearby!
The endoplasm quivers.
You hit the plant.
The plant begins to die.
The plant is lightly damaged.
You smack the plant!
The plant is lightly damaged.
You smack the plant!
The plant is lightly damaged.
You hit the plant.
The plant is lightly damaged.
A nearby plant withers and dies.
You cannot move.
You cannot move.
Unknown command.
You cannot move.
You cannot move.
You feel less wooden.
Your +0 animal skin unmelds from your body.
You turn into a hulking beast.
The endoplasm barely misses you. The endoplasm freezes you.
You are frozen.
* * * LOW HITPOINT WARNING * * *
The endoplasm splashes around in the water.
You hit the endoplasm.
The endoplasm is almost dead.
The endoplasm barely misses you.
You barely miss the endoplasm.
The endoplasm is almost dead.
The endoplasm freezes you.
You are frozen.
You die...

.#.....## ........##
.........#####.
...................J...#
...............[.....#
#P.....P#~#P.........
##~##P...P##~##P........
~~~~~..<.hJ~~~~.......
##~##P..).##~##P....
#P.....P#~#P.g.#
.................#
....######.......## ####
#.......# #.......#
##.....## ##...##


You could see an endoplasm.

Vanquished Creatures
  A goblin (D:1)
  A kobold (D:1)
2 creatures vanquished.

Notes
Turn   | Place    | Note
-------+----------+-------------------------------------------
     0 | D:1      | croobank the Demigod Shapeshifter began the quest for the
                  | Orb.
     0 | D:1      | Reached XP level 1. HP: 15/15 MP: 3/3
    64 | D:1      | Frozen to death by an endoplasm

Illustrated notes

Levels and vault maps discovered:
D:1:      eino_arrival_water_cross, layout_rooms

Action                     || total
---------------------------++-------
  Melee: Unarmed           ||    11
    Use: Potion            ||     1
 Armour: Animal skin       ||     4
         Skin              ||     1
  Dodge: Dodged            ||     2

Table legend: (Time is in decaauts)
 A = Elapsed time spent in this place.
 B = Non-inter-level travel time spent in this place.
 C = Inter-level travel time spent in this place.
 D = Time resting spent in this place.
 E = Time spent auto-exploring this place.
 F = Levels seen in this place.
 G = Mean time per level.
                   A        B        C        D        E       F      G
               +--------+--------+--------+--------+--------+-----+--------+
         Total |     64 |     64 |      0 |     15 |      3 |   1 |   64.0 |
       Dungeon |     64 |     64 |      0 |     15 |      3 |   1 |   64.0 |
               +--------+--------+--------+--------+--------+-----+--------+

Top non-repeatable levels by time:
     D:1: 64 daAuts
